 Dungeon Crawl Stone Soup version 0.16-a0-4123-g49b462e (webtiles) character file.

84 Chiseanne the Stinger (level 4, 0/29 HPs)
             Began as an Octopode Venom Mage on Mar 2, 2015.
             Slain by an orc wizard
             ... wielding a +0 dagger
              (1 damage)
             ... on level 3 of the Dungeon.
             The game lasted 00:07:24 (2802 turns).

Chiseanne the Stinger (Octopode Venom Mage)         Turns: 2802, Time: 00:07:24

Health: 0/29       AC:  1    Str:  8    XL:     4   Next: 45%
Magic:  0/8        EV:  7    Int: 17    God:
Gold:   103        SH: 10    Dex: 12    Spells: 2 memorised, 5 levels left

rFire  . . .     SeeInvis .     a - +0 hand axe
rCold  . . .     Clarity  .     h - +0 large shield
rNeg   . . .     SustAb   .     (helmet restricted)
rPois  .         Gourm    .     (no amulet)
rElec  .         Spirit   .     k - +3 ring of slaying
rCorr  .         Warding  .     f - ring of wizardry
rMut   .         Stasis   .     (no ring)
MR     .....                    (no ring)
Stlth  +++.......               (no ring)
                                (no ring)
                                (no ring)
                                (no ring)

@: very slightly contaminated, not resistant to hostile enchantments, fairly
stealthy
A: almost no armour, amphibious, 8 rings, constrict 8, camouflage 1, gelatinous
body 1
a: no special abilities


You were on level 3 of the Dungeon.
You were not hungry.

You visited 1 branch of the dungeon, and saw 3 of its levels.

You collected 103 gold pieces.

Inventory:

Hand weapons
 a - a +0 hand axe (weapon)
Armour
 h - a +0 large shield (worn)
Jewellery
 f - a ring of wizardry (right tentacle)
 k - a +3 ring of slaying (left tentacle)
Scrolls
 m - 3 scrolls of identify
Potions
 d - 2 potions of brilliance
 e - a potion of restore abilities
Books
 b - a Young Poisoner's Handbook

   Spells                             Type                      Level
   a - Sting                          Conjuration/Poison           1
   b - Cure Poison                    Poison                       2
   c - Mephitic Cloud                 Conjuration/Poison/Air       3
   d - Olgreb's Toxic Radiance        Poison                       4
   e - Venom Bolt                     Conjuration/Poison           5
 i - a book of Ice

   Spells                             Type                      Level
   a - Ice Form                       Ice/Transmutation            4
   b - Metabolic Englaciation         Hexes/Ice                    5
   c - Ozocubu's Refrigeration        Ice                          6
   d - Bolt of Cold                   Conjuration/Ice              6
   e - Freezing Cloud                 Conjuration/Ice/Air          6
   f - Simulacrum                     Ice/Necromancy               6
Comestibles
 c - 2 bread rations
 j - a royal jelly


   Skills:
 * Level 2.2 Fighting
 - Level 2.0 Dodging
 - Level 2.6 Stealth
 * Level 1.8 Shields
 - Level 2.5 Spellcasting
 - Level 1.3 Conjurations
 - Level 4.8 Poison Magic


You had 5 spell levels left.
You knew the following spells:

 Your Spells              Type           Power        Failure   Level  Hunger
a - Sting                 Conj/Pois      ##..         63%         1    #......
b - Cure Poison           Pois           ###.......   52%         2    ##.....


Dungeon Overview and Level Annotations

Branches:
Dungeon (3/15)

Altars:
Yredelemnul


Innate Abilities, Weirdness & Mutations

You cannot wear most types of armour.
You are amphibious.
You can wear up to eight rings at the same time.
You can use your tentacles to constrict many enemies at once.
Your skin changes colour to match your surroundings (Stealth).
Your rubbery body absorbs attacks (AC +1).


Message History

You closely miss something. Something hits you but does no damage.
You aren't carrying any items that can be evoked.
Unknown command.
Casting: Sting
Confirm with . or Enter, or press ? or * to list all spells.
Aiming: Sting
Press: ? - help, Shift-Dir - straight line, f/p - orc
Aim: an orc (heavily wounded)
The sting misses the orc.
Something hits you but does no damage.
You closely miss something. Something hits you but does no damage.
You hear some strange, mumbled words.
Something tries to affect you, but you resist.
You closely miss something. Something hits you but does no damage.
You miss something.
You feel less woody.
You hear some strange, mumbled words.
The puff of flame hits you!
* * * LOW HITPOINT WARNING * * *
Something hits you.
You die...

....# ##### . #..#
#... #. #..###.#####
#..####....)o....# ###
#..#......##.##.......
.<### #........###>#
.##.# ....##
##.#.###.# #{o .#
#....# #.#.###o# #...
.. ...#.# #....@{o#
####. # #....####
###.##### .# ...#...[#
#.# ####.##.# #.#
...#....# #.#
#....#### #.####
...#.# #....#
.....#########....###
....................+


You could see 2 orcs.

Vanquished Creatures
  A worker ant zombie (D:2)
  An adder (D:2)
  2 worms (D:2)
  An adder zombie (D:2)
  3 giant geckos
  An ooze (D:3)
  An orc (D:3)
  4 bats
  A bat skeleton (D:2)
  A bat zombie (D:2)
  4 giant cockroaches
  9 goblins
  2 hobgoblins (D:1)
  A quokka (D:2)
  A ball python (D:2)
  A ball python skeleton (D:2)
  2 giant newts
  A kobold (D:1)
  A quokka zombie (D:2)
  6 rats
44 creatures vanquished.

Notes
Turn   | Place    | Note
--------------------------------------------------------------
     0 | D:1      | Chiseanne, the Octopode Venom Mage, began the quest for the Orb.
     0 | D:1      | Reached XP level 1. HP: 11/11 MP: 3/3
   350 | D:1      | Reached XP level 2. HP: 10/17 MP: 0/5
   424 | D:1      | Reached skill level 1 in Conjurations
   491 | D:1      | Learned a level 2 spell: Cure Poison
  1437 | D:2      | Reached skill level 1 in Fighting
  1437 | D:2      | Reached XP level 3. HP: 10/23 MP: 6/6
  1670 | D:2      | Reached skill level 1 in Shields
  2146 | D:2      | Reached XP level 4. HP: 27/29 MP: 8/8
  2286 | D:2      | Found a basalt altar of Yredelemnul.
  2779 | D:3      | HP: 1/29 [something/magic dart (7)]
  2802 | D:3      | HP: 1/29 [something/puff of flame (11)]
  2802 | D:3      | Slain by an orc wizard

Action                   |  1- 3 |  4- 6 || total
-------------------------+-------+-------++-------
Melee: Club              |    12 |       ||    12
       Hand axe          |    36 |    44 ||    80
 Cast: Sting             |    27 |     3 ||    30
  Use: Scroll            |     5 |     2 ||     7
       Potion            |       |     3 ||     3
 Stab: Sleeping          |     4 |     1 ||     5
  Eat: Chunk             |     4 |     2 ||     6
